 Dungeon Crawl Stone Soup version 0.30-a0-672-gc3a7216ad8 (webtiles) character file.

Game seed: 11595328361851037042

633 dracfodder the Digger (level 7, -6/37 HPs)
             Began as a Gargoyle Earth Elementalist on Jan 18, 2023.
             Mangled by Duvessa
             ... wielding a +0 short sword
              (8 damage)
             ... on level 4 of the Dungeon.
             The game lasted 00:14:43 (2986 turns).

dracfodder the Digger (Gargoyle Earth Elementalist) Turns: 2986, Time: 00:14:44

Health: -6/37      AC:  7    Str: 11    XL:     7   Next: 49%
Magic:  21/24      EV: 11    Int: 18    God:
Gold:   201        SH:  3    Dex: 10    Spells: 11/17 levels left

rFire   . . .      SeeInvis +    e - +0 hand axe
rCold   . . .      Faith    .    k - +0 buckler
rNeg    + . .      Spirit   .    a - +0 robe
rPois   ∞          Reflect  .    (no helmet)
rElec   +          Harm     .    (no cloak)
rCorr   .          Rampage  .    (no gloves)
Will    .....                    d - +0 pair of boots
Stlth   ++                       (no amulet)
HPRegen 0.26/turn                j - ring of magical power
MPRegen 0.19/turn                l - ring of see invisible

@: invisible
A: sickness immunity, AC +4, negative energy resistance 1, electricity
resistance, torment resistance 1, petrification resistance
a: no special abilities


You were on level 4 of the Dungeon.
You visited 1 branch of the dungeon, and saw 4 of its levels.

You collected 201 gold pieces.

Inventory:

Hand Weapons
 e - a +0 hand axe (weapon)
 s - a +2 dagger of holy wrath
Armour
 a - a +0 robe (worn)
 c - a +0 kite shield
 d - a +0 pair of boots (worn)
 k - a +0 buckler (worn)
Jewellery
 j - a ring of magical power (left hand)
 l - a ring of see invisible (right hand)
Scrolls
 f - 2 scrolls of vulnerability {unknown}
 h - a scroll of noise {unknown}
 i - 3 scrolls of identify
 o - a scroll of immolation {unknown}
Potions
 b - a potion of magic
 g - 2 potions of berserk rage
 p - a potion of haste {unknown}
 q - a potion of attraction {unknown}
 r - a potion of cancellation {unknown}
 t - a potion of might {unknown}


   Skills:
 + Level 0.7 Fighting
 + Level 2.0 Dodging
 + Level 2.5 Stealth
 + Level 0.1 Shields
 + Level 5.6 Spellcasting
 + Level 1.0 Transmutations
 + Level 6.6 Earth Magic


You had 11 spell levels left.
You knew the following spells:

 Your Spells              Type           Power      Damage    Failure   Level
a - Sandblast             Erth           58%        2d13      1%          1
b - Passwall              Tmut/Erth      15%        N/A       5%          2
c - Stone Arrow           Conj/Erth      34%        3d9       13%         3

Your spell library contained the following spells:

 Spells                   Type           Power      Damage    Failure   Level
 Lesser Beckoning         Tloc           10%        N/A       26%         2
 Petrify                  Tmut/Erth      19%        N/A       34%         4
 Gell's Gravitas          Tloc           5%         N/A       45%         3
 Teleport Other           Tloc           5%         N/A       45%         3


Dungeon Overview and Level Annotations

Branches:
Dungeon (4/15)
 Temple: D:4-7

Altars:
Gozag

Annotations:
D:4 Dowan, Duvessa


Innate Abilities, Weirdness & Mutations

You are immune to sickness and miasma.
Your stone body is resilient. (AC +4)
You are immune to poison.
You resist negative energy. (rN+)
You are resistant to electric shocks. (rElec)
You are resistant to unholy torment.
You are immune to petrification.


Message History

You hear a shout!
The grasping roots constrict you.
Duvessa says, "When magic and the sword combine, nothing stands against them."
Aiming: Sandblast (safe; 1% risk of failure)
Press: ? - help, Q - select action, (/) - cycle Shift-Dir - straight line, f - Dowan
Aim: Dowan, wielding a +1 dagger of freezing, wearing a +2 robe of resistance and carrying a wand of roots (12) (76% to hit)
The blast of sand hits Dowan.
Dowan is moderately wounded.
Dowan says, "My weaknesses are her strengths!"
Dowan gestures at you while chanting. The puff of frost hits you.
The grasping roots constrict you.
Aiming: Sandblast (safe; 1% risk of failure)
Press: ? - help, Q - select action, (/) - cycle Shift-Dir - straight line, f/p - Dowan
Aim: Dowan, wielding a +1 dagger of freezing, wearing a +2 robe of resistance and carrying a wand of roots (12) (moderately wounded, 76% to hit)
The blast of sand hits Dowan.
Dowan is heavily wounded.
Dowan casts a spell.
Dowan blinks!
The grasping roots constrict you.
Dowan mumbles some strange words.
Dowan blinks!
The grasping roots constrict you.
The grasping roots release their grip on you.
Aiming: Sandblast (safe; 1% risk of failure)
Press: ? - help, Q - select action, (/) - cycle Shift-Dir - straight line, f/p - Dowan
Aim: Dowan, wielding a +1 dagger of freezing, wearing a +2 robe of resistance and carrying a wand of roots (12) (heavily wounded, 76% to hit)
The blast of sand hits Duvessa.
Duvessa is lightly wounded.
Duvessa hits you with a +0 short sword.
* * * LOW HITPOINT WARNING * * *
Aiming: Sandblast (safe; 1% risk of failure)
Press: ? - help, Q - select action, (/) - cycle Shift-Dir - straight line, f/p - Dowan
Aim: Dowan, wielding a +1 dagger of freezing, wearing a +2 robe of resistance and carrying a wand of roots (12) (heavily wounded, 76% to hit)
The blast of sand hits Duvessa!
Duvessa is heavily wounded.
Duvessa hits you with a +0 short sword!
* * * LOW HITPOINT WARNING * * *
Duvessa closely misses you.
You fade into invisibility!
Dowan gestures wildly while chanting.
Dowan blinks!
Duvessa hits you with a +0 short sword!
You die...

#.....#
##....[
##....#
##....#
#.....##
#.<....#
##.###.##
#.# ##.##
### ##@#
##e# #§.
#...
.e...
..## ##


You could see Duvessa (unable to see you) and Dowan (unable to see you).

Vanquished Creatures
  The ghost of NotreDorf the Poker, an amateur MfRe (D:3)
  An ice beast (D:3)
  An ogre (D:3)
  A vampire bat (D:3)
  3 adders
  4 gnolls (D:2)
  3 worms
  3 dart slugs
  3 fire bats (D:3)
  2 spectral bats (D:3)
  12 bats
  3 bat skeletons (D:3)
  A bat zombie (D:3)
  6 endoplasms
  10 goblins
  6 hobgoblins
  3 quokkas
  6 ball pythons
  A bat simulacrum (D:3)
  A frilled lizard (D:3)
  2 kobolds
  5 rats
78 creatures vanquished.

Notes
Turn   | Place    | Note
-------+----------+-------------------------------------------
     0 | D:1      | dracfodder the Gargoyle Earth Elementalist began the quest
                  | for the Orb.
     0 | D:1      | Reached XP level 1. HP: 10/10 MP: 3/3
   347 | D:1      | Reached XP level 2. HP: 12/15 MP: 5/5
   663 | D:1      | Found a faded altar of an unknown god.
   762 | D:1      | Reached skill level 4 in Earth Magic
   952 | D:2      | Reached XP level 3. HP: 19/19 MP: 7/7
  1114 | D:2      | Learned a level 2 spell: Passwall
  1118 | D:2      | Learned a level 3 spell: Stone Arrow
  1254 | D:2      | Reached XP level 4. HP: 24/24 MP: 9/9
  1436 | D:2      | You fall into a shaft and drop 1 floor!
  1717 | D:3      | Reached XP level 5. HP: 28/28 MP: 11/11
  2402 | D:3      | Found a runed translucent gate.
  2403 | D:3      | Found a runed translucent gate.
  2404 | D:3      | Found a runed translucent gate.
  2405 | D:3      | Found an opulent altar of Gozag.
  2406 | D:3      | Noticed NotreDorf's ghost (amateur MfRe)
  2406 | D:3      | Noticed an ice beast
  2409 | D:3      | Noticed an ogre
  2514 | D:3      | Reached skill level 5 in Earth Magic
  2598 | D:3      | Reached XP level 6. HP: 26/32 MP: 12/12
  2765 | D:3      | HP: 1/32 [NotreDorf's ghost (1)]
  2767 | D:3      | Killed NotreDorf's ghost
  2768 | D:3      | Reached skill level 5 in Spellcasting
  2768 | D:3      | Reached skill level 1 in Transmutations
  2768 | D:3      | Reached skill level 6 in Earth Magic
  2768 | D:3      | Reached XP level 7. HP: 28/37 MP: 10/15
  2980 | D:4      | Noticed Dowan
  2980 | D:4      | Noticed Duvessa
  2986 | D:4      | Mangled by Duvessa

Illustrated notes

Levels and vault maps discovered:
D:1:      wander_arrival_fairy_ring, layout_loops_ring,
          hellmonk_ecumenical_altar_crossroads, st_stairs_11
D:2:      layout_rooms, minmay_misc_feat_hallway
D:3:      layout_basic, ebering_ghost_gozag, goddamned_bats
D:4:      layout_layer_cave, uniq_duvessa, uniq_edmund, uniq_sigmund,
          uniq_grinder

Skill      XL: |  1  2  3  4  5  6 |
---------------+-------------------+-----
Earth Magic    | 4 5 6 |  6.6
Spellcasting   | 3 4 5 |  5.6
Dodging        | 2 |  2.0
Transmutations | 1 |  1.0
Fighting       | |  0.7
Stealth        | |  2.5
Shields        | |  0.1

Action                   |  1- 3 |  4- 6 |  7- 9 || total
-------------------------+-------+-------+-------++-------
Melee: Hand axe          |     6 |       |       ||     6
 Cast: Sandblast         |    36 |    78 |    16 ||   130
       Stone Arrow       |       |     3 |       ||     3
       Passwall          |       |     3 |       ||     3
  Use: Scroll            |     5 |       |       ||     5
       Potion            |       |     1 |     2 ||     3
Armor: Robe              |     4 |    14 |     1 ||    19
Dodge: Dodged            |     4 |    21 |     8 ||    33
Block: Buckler           |       |     8 |       ||     8

Table legend: (Time is in decaauts)
 A = Elapsed time spent in this place.
 B = Non-inter-level travel time spent in this place.
 C = Inter-level travel time spent in this place.
 D = Time resting spent in this place.
 E = Time spent auto-exploring this place.
 F = Levels seen in this place.
 G = Mean time per level.
                   A        B        C        D        E       F      G
               +--------+--------+--------+--------+--------+-----+--------+
         Total |   3053 |   3005 |     48 |    349 |   1953 |   4 |  763.2 |
       Dungeon |   3053 |   3005 |     48 |    349 |   1953 |   4 |  763.2 |
               +--------+--------+--------+--------+--------+-----+--------+

Top non-repeatable levels by time:
     D:3: 1564 daAuts
     D:1: 958 daAuts
     D:2: 507 daAuts
     D:4: 23 daAuts
